 Dungeon Crawl Stone Soup version 0.27.1-15-g792fb953b9 (webtiles) character file.

Game seed: 1833057599903613210

3 bearlyready the Sneak (level 1, 0/14 HPs)
             Began as an Octopode Brigand on Nov 20, 2021.
             Slain by a jackal (3 damage)
             ... on level 1 of the Dungeon.
             The game lasted 00:00:24 (71 turns).

bearlyready the Sneak (Octopode Brigand)              Turns: 71, Time: 00:00:25

Health: 0/14       AC:  1    Str: 10    XL:     1   Next: 50%
Magic:  1/1        EV: 12    Int: 13    God:
Gold:   0          SH:  0    Dex: 13    Spells: 0/0 levels left

rFire    . . .     SeeInvis .   (no weapon)
rCold    . . .     Faith    .   (no shield)
rNeg     . . .     Spirit   .   (helmet restricted)
rPois    .         Reflect  .   (no amulet)
rElec    .         Harm     .   (no ring)
rCorr    .         Rampage  .   (no ring)
Will     .....                  (no ring)
Stlth    ++++......             (no ring)
HPRegen  0.04/turn              (no ring)
MPRegen  0.07/turn              (no ring)
                                (no ring)
                                (no ring)

@: no status effects
A: almost no armour, amphibious, 8 rings, camouflage 1, gelatinous body 1,
(nimble swimmer 1), tentacles
a: no special abilities


You were on level 1 of the Dungeon.
You visited 1 branch of the dungeon, and saw 1 of its levels.

Inventory:

Missiles
 b - 8 poisoned darts (quivered)
 c - 2 curare-tipped darts
Scrolls
 a - a scroll of magic mapping {unknown}


   Skills:
 + Level 2.1 Fighting
 - Level 2.0 Short Blades
 + Level 2.0 Throwing
 - Level 1.0 Dodging
 + Level 5.3 Stealth
 + Level 0.2 Unarmed Combat


You couldn't memorise any spells.
You didn't know any spells.
Your spell library was empty.

Dungeon Overview and Level Annotations

Branches:
Dungeon (1/15)

Altars:


Innate Abilities, Weirdness & Mutations

You cannot wear most types of armour.
You are amphibious.
You can wear up to eight rings at the same time.
Your skin changes colour to match your surroundings (Stealth+).
Your rubbery body absorbs attacks. (AC +1, EV +1)
((You are camouflaged near water. (Stealth+)))
You have tentacles for arms and can constrict up to eight enemies at once.


Message History

The bat hits you but does no damage. The bat barely misses you. x2
A jackal comes into view.
Found a buckler.
The bat misses you.
A jackal comes into view.
The bat closely misses you. The bat completely misses you.
You closely miss the jackal. You grab the jackal. You constrict the jackal.
The bat closely misses you. The jackal closely misses you.
The bat hits you but does no damage.
You tentacle-slap the jackal but do no damage.
The jackal is lightly wounded.
You constrict the jackal, but do no damage.
The bat hits you. The jackal closely misses you. The bat barely misses you.
The jackal bites you.
You tentacle-slap the jackal but do no damage.
The jackal is lightly wounded.
You constrict the jackal. The bat hits you.
The bat hits you but does no damage. The jackal bites you.
You are too injured to fight recklessly!
You are too injured to fight recklessly!
You are too injured to fight recklessly!
You are too injured to fight recklessly!
You are too injured to fight recklessly!
You are too injured to fight recklessly!
You are too injured to fight recklessly!
You are too injured to fight recklessly!
You are too injured to fight recklessly!
You are too injured to fight recklessly!
There are monsters nearby!
You tentacle-slap the jackal.
The jackal is heavily wounded.
You constrict the jackal. The bat closely misses you.
The jackal barely misses you. The jackal bites you.
You release your grip on the jackal.
The bat hits you.
* * * LOW HITPOINT WARNING * * *
The bat hits you.
* * * LOW HITPOINT WARNING * * *
The jackal bites you.
You die...

...................
###......###..>....
..... #.##.............
.....###.#######........
.......#.#### #........
............####......##
.................###..#
.........h.#####..)##...
.........h@.######...###
.......................
.............#....#.###
...........#..(......
........b##...###. ..
........#.#...#
......##.#....# #.[..#
#.....# .#### #.....#


You could see 2 jackals and a bat.

Vanquished Creatures
  2 giant cockroaches (D:1)
  A rat (D:1)
3 creatures vanquished.

Notes
Turn   | Place    | Note
-------+----------+-------------------------------------------
     0 | D:1      | bearlyready the Octopode Brigand began the quest for the
                  | Orb.
     0 | D:1      | Reached XP level 1. HP: 14/14 MP: 1/1
    71 | D:1      | Slain by a jackal

Illustrated notes

Levels and vault maps discovered:
D:1:      lightli_arrival_statuegarden, layout_rooms,
          dreamdust_ecumenical_altar_drowned_temple,
          minmay_misc_feat_secret_circle

Action                   || total
-------------------------++-------
Melee: Unarmed           ||    11
       Constrict         ||     2
       Dagger            ||     1
       Tentacles         ||     1
 Stab: Sleeping          ||     2
Armor: Skin              ||     5
Dodge: Dodged            ||    18
